Map: Catalyst LE

Players

Infamous

  • Race: Protoss Protoss
  • League: Silver
  • Spawn Location: 11:00

betoca - Winner!

  • Race: Protoss Protoss
  • League: Silver
  • Spawn Location: 5:00

VOD

Have the link to the VOD?

Description

Time

  • Played on: March 19, 2018, 8:20 p.m.
  • Length: 17:04
Show
View Real Time Build Order
Export as new Build Order

Infamous Protoss 

Build Orders:  

Get SALT Encoding   

  12  0:01  Probe  
  13  0:13  Probe  
  14  0:19  Pylon  
  14  0:26  Probe  
  15  0:40  Probe (Chrono Boost), Gateway  
  16  0:52  Probe (Chrono Boost)  
  17  0:58  Probe (Chrono Boost), Assimilator  
  18  1:09  Probe  
  19  1:16  Pylon  
  19  1:21  Probe  
  20  1:29  Cybernetics Core  
  20  1:33  Probe  
  20  1:35  Assimilator  
  21  1:47  Probe  
  21  1:52  Pylon  
  22  2:00  Probe, Warp Gate (Chrono Boost), Zealot  
  24  2:19  Robotics Facility  
  24  2:27  Probe  
  24  2:28  Gateway  
  24  2:29  Gateway  
  25  2:39  Probe, Adept  
  28  2:56  Probe  
  29  3:06  Observer (Chrono Boost)  
  29  3:10  Probe  
  31  3:14  Adept  
  33  3:26  Pylon  
  33  3:31  Probe  
  33  3:33  Pylon, Warp Prism  
  36  3:47  Probe  
  37  4:00  Pylon  
  37  4:02  Nexus  
  37  4:07  Immortal (Chrono Boost)  
  41  4:17  Stalker  
  41  4:18  Zealot  
  45  4:32  Probe  
  45  4:44  Robotics Bay  
  45  4:47  Immortal  
  45  4:50  Probe  
  50  4:59  Stalker  
  52  5:00  Sentry  
  52  5:01  Sentry  
  56  5:26  Observer  
  57  5:32  Probe x2  
  59  5:43  Gateway  
  59  5:45  Gateway  
  59  5:48  Gateway, Stalker  
  52  5:55  Stalker  
  52  5:56  Stalker  
  39  6:20  Pylon  
  39  6:24  Forge  
  39  6:25  Probe  
  40  6:32  Probe  
  41  7:07  Stalker  
  39  7:14  Photon Cannon  
  39  7:15  Probe, Shield Battery  
  36  7:24  Shield Battery  
  36  7:27  Probe (Chrono Boost)  
  36  7:29  Probe (Chrono Boost)  
  38  7:49  Probe (Chrono Boost)  
  38  7:50  Probe (Chrono Boost)  
  40  7:52  Assimilator  
  40  8:01  Probe x2 (Chrono Boost)  
  42  8:10  Adept  
  43  8:24  Stalker  
  43  8:41  Probe x2 (Chrono Boost)  
  45  8:43  Twilight Council  
  45  8:53  Probe (Chrono Boost)  
  45  8:54  Probe (Chrono Boost)  
  47  9:01  Probe x2 (Chrono Boost)  
  49  9:11  Photon Cannon  
  49  9:26  Stargate  
  49  9:36  Probe (Chrono Boost)  
  49  9:38  Probe (Chrono Boost)  
  51  9:39  Templar Archives  
  51  9:49  Probe x2 (Chrono Boost)  
  53  9:55  Probe  
  53  9:56  Probe  
  55  10:18  Void Ray (Chrono Boost)  
  59  10:23  High Templar x2  
  59  10:24  High Templar  
  65  10:45  Probe  
  65  10:46  Probe  
  67  10:53  Assimilator  
  67  10:55  Void Ray (Chrono Boost)  
  71  11:11  Stargate  
  71  11:12  Stalker  
  73  11:30  Probe (Chrono Boost)  
  73  11:31  Probe (Chrono Boost)  
  75  11:35  Void Ray (Chrono Boost)  
  79  11:40  Zealot x3  
  85  11:49  Pylon  
  85  11:55  Pylon  
  85  11:58  Pylon  
  89  12:09  Void Ray (Chrono Boost)  
  89  12:30  Pylon  
  89  12:31  Zealot x5  
  89  12:33  Pylon  
  99  12:42  Psionic Storm  
  99  12:45  High Templar  
  101  12:59  Void Ray  
  105  13:28  Nexus  
  105  13:32  Pylon  
  105  13:36  Stalker x3  
  111  13:52  Stalker  
  111  13:54  Stalker  
  111  13:55  Stalker  
  116  14:07  High Templar  
  118  14:20  Probe x2  
  118  14:23  Protoss Air Weapons Level 1 (Chrono Boost)  
  120  14:28  Void Ray  
  50  15:08  Stalker x5  
  50  15:09  Stalker  
  50  15:13  Void Ray (Chrono Boost)  
  66  15:18  Probe x2  
  68  15:34  Void Ray (Chrono Boost)  
  68  15:41  High Templar x2  
  76  15:56  Stalker  
  78  15:57  Stalker  
  74  16:18  Stalker x3  
  44  16:37  Stalker x2  
Show
View Real Time Build Order
Export as new Build Order

betoca Protoss - Winner!

Build Orders: Oracle Opening 

Get SALT Encoding   

  12  0:03  Probe  
  13  0:15  Probe  
  14  0:25  Pylon  
  14  0:27  Probe  
  15  0:43  Probe (Chrono Boost)  
  15  0:44  Gateway  
  15  0:48  Assimilator  
  16  0:55  Probe (Chrono Boost)  
  17  1:02  Probe (Chrono Boost)  
  18  1:10  Probe  
  19  1:11  Pylon  
  19  1:22  Probe (Chrono Boost)  
  20  1:31  Probe (Chrono Boost)  
  21  1:33  Forge, Zealot  
  21  1:36  Probe (Chrono Boost)  
  24  1:48  Probe  
  25  2:00  Probe  
  26  2:02  Cybernetics Core  
  26  2:12  Probe  
  27  2:21  Photon Cannon  
  27  2:24  Probe  
  28  2:31  Pylon  
  28  2:35  Photon Cannon  
  28  2:42  Stargate  
  28  2:47  Pylon, Probe  
  28  2:49  Assimilator  
  29  2:53  Stalker  
  31  2:59  Probe  
  32  3:11  Probe  
  33  3:16  Pylon  
  33  3:23  Probe  
  33  3:26  Oracle  
  37  3:35  Probe  
  38  3:47  Pylon  
  38  3:54  Warp Gate  
  38  4:01  Oracle (Chrono Boost)  
  38  4:08  Probe  
  42  4:20  Nexus  
  42  4:25  Probe, Photon Cannon  
  43  4:48  Pylon, Stargate  
  43  4:50  Pylon  
  43  4:56  Photon Cannon  
  43  4:59  Void Ray  
  43  5:02  Probe  
  48  5:14  Probe  
  48  5:16  Photon Cannon  
  48  5:18  Photon Cannon  
  49  5:24  Photon Cannon  
  46  6:23  Probe (Chrono Boost)  
  47  6:25  Probe (Chrono Boost)  
  48  6:37  Probe (Chrono Boost)  
  48  6:39  Probe (Chrono Boost)  
  50  6:42  Probe (Chrono Boost)  
  50  6:46  Probe  
  52  6:47  Assimilator  
  52  6:49  Assimilator  
  52  6:52  Pylon, Probe  
  53  6:56  Pylon  
  53  6:58  Probe  
  54  7:04  Probe  
  54  7:07  Void Ray x2  
  60  7:10  Probe  
  60  7:12  Stargate  
  60  7:14  Pylon  
  61  7:16  Probe  
  61  7:21  Stargate  
  61  7:22  Probe  
  63  7:32  Photon Cannon  
  63  7:35  Photon Cannon  
  63  7:38  Photon Cannon  
  63  7:40  Gateway  
  63  7:44  Gateway  
  63  7:46  Protoss Air Weapons Level 1  
  63  7:47  Protoss Shields Level 1  
  63  7:50  Probe  
  64  7:54  Photon Cannon  
  64  7:59  Pylon  
  64  8:02  Probe  
  64  8:04  Photon Cannon  
  65  8:06  Photon Cannon  
  65  8:09  Photon Cannon  
  65  8:13  Probe, Photon Cannon  
  66  8:25  Probe  
  67  8:37  Probe  
  67  8:41  Photon Cannon, Void Ray x2  
  76  8:50  Probe  
  77  9:05  Nexus  
  77  9:07  Void Ray  
  81  9:17  Void Ray  
  85  9:32  Pylon  
  85  9:50  Protoss Air Armor Level 1  
  85  9:51  Void Ray  
  85  9:52  Void Ray  
  93  10:11  Pylon  
  93  10:18  Probe  
  94  10:25  Probe, Pylon  
  95  10:28  Pylon  
  95  10:30  Probe  
  96  10:37  Probe  
  96  10:39  Photon Cannon  
  96  10:41  Photon Cannon  
  96  10:42  Probe  
  98  10:46  Phoenix  
  98  10:49  Probe  
  101  10:50  Stalker x2  
  101  10:54  Probe  
  106  11:01  Probe  
  107  11:06  Probe  
  107  11:07  Photon Cannon  
  107  11:10  Pylon  
  108  11:13  Probe  
  109  11:33  Pylon  
  109  11:41  Oracle  
  109  11:44  Void Ray  
  109  11:45  Void Ray  
  120  11:47  Pylon  
  120  11:48  Phoenix  
  120  11:53  Stalker x2  
  126  11:54  Stalker  
  128  12:09  Photon Cannon  
  128  12:10  Pylon  
  128  12:11  Photon Cannon  
  128  12:14  Photon Cannon  
  128  12:17  Photon Cannon  
  128  12:20  Probe, Photon Cannon  
  128  12:22  Assimilator  
  129  12:26  Assimilator  
  129  12:32  Probe  
  130  12:41  Void Ray  
  130  12:42  Void Ray x2  
  142  12:44  Probe  
  142  12:46  Stalker  
  139  14:05  Void Ray x2  
  139  14:07  Void Ray  
  139  14:09  Void Ray  
  155  14:14  Stalker  
  155  14:15  Stalker  
  155  14:16  Stalker  
  161  14:30  Pylon  
  161  14:32  Pylon, Photon Cannon  
  161  14:34  Photon Cannon  
  161  14:37  Photon Cannon  
  161  14:40  Photon Cannon  
  161  14:44  Photon Cannon  
  161  14:47  Photon Cannon  
  161  14:48  Void Ray  
  161  14:49  Stalker  
  161  14:50  Stalker  
  161  14:51  Stalker  
  152  15:12  Void Ray x3  
  164  15:21  Pylon  
  164  15:23  Pylon  
  164  15:25  Photon Cannon  
  164  15:31  Void Ray  
  168  15:55  Void Ray x2  
  168  16:19  Stalker x2  
  168  16:20  Stalker  
Tags
 
Matchup
PvP
Replay Pack
Last Remnant (2)
Spawn Locations
Cross Positions
Add a new tag
Caveats
  • Supply blocks, unpowered buildings, or Contaminate may cause inaccurate times.
  • Supply counts are checked every 10 seconds.